 Dungeon Crawl Stone Soup version 0.21-a0-241-g2cbab09 (webtiles) character file.

212 Pippin the Sneak (level 6, 0/58 HPs)
             Began as a Kobold Wanderer on Sept 3, 2017.
             Succumbed to an adder's poison
             ... on level 3 of the Dungeon.
             The game lasted 00:11:09 (4287 turns).

Pippin the Sneak (Kobold Wanderer)                  Turns: 4287, Time: 00:11:09

Health: 0/58       AC: 23    Str:  8    XL:     6   Next: 14%
Magic:  6/6        EV:  3    Int: 12    God:
Gold:   121        SH:  0    Dex: 24    Spells: 5/5 levels left

rFire    . . .     SeeInvis .   r - +0 dagger (venom)
rCold    . . .     Gourm    .   (shield restricted)
rNeg     + + +     Faith    .   (armour currently unavailable)
rPois    +         Spirit   .   (helmet currently unavailable)
rElec    .         Reflect  .   (cloak currently unavailable)
rCorr    .         Harm     .   (gloves currently unavailable)
MR       .....     NoTele   +   (boots currently unavailable)
Stlth    +++++.....             (no amulet)
HPRegen  0.19/turn              (no ring)
MPRegen  0.10/turn              (no ring)

@: agile, lethally poisoned (0 -> -1), tree-form
A: carnivore 3
a: no special abilities


You were on level 3 of the Dungeon.
You were completely stuffed.
You were a tree.
You visited 1 branch of the dungeon, and saw 3 of its levels.

You collected 121 gold pieces.

Inventory:

Hand Weapons
 r - a +0 dagger of venom (weapon)
Armour
 a - a +0 leather armour (melded)
 k - a +0 pair of boots (melded)
Scrolls
 b - 2 scrolls of teleportation
 j - a scroll of amnesia
 m - a scroll of blinking
 n - 2 scrolls of remove curse
Potions
 g - a potion of magic
 h - a potion of might
Comestibles
 c - 6 chunks of flesh
 f - a meat ration
 i - a royal jelly


   Skills:
 - Level 4.3 Fighting
 * Level 5.1(5.4) Short Blades
   Level 1.5(2.5) Long Blades
 + Level 6.1 Stealth
   Level 1.0 Shields
 - Level 1.0 Unarmed Combat


You had 5 spell levels left.
You didn't know any spells.

Dungeon Overview and Level Annotations

Branches:
Dungeon (3/15)

Altars:
Gozag


Innate Abilities, Weirdness & Mutations

You are small and have problems with some larger weapons.
You are carnivorous and can eat meat at any time.


Message History

You feel sick.
You see here a long sword.
The orc looks more healthy.
It was a potion of cancellation.
You feel magically purged.
* * * LOW HITPOINT WARNING * * *
You feel sick. The orc barely misses you.
It was a potion of lignification.
You turn into a tree.
Your +0 pair of boots melds into your body.
Your +0 leather armour melds into your body.
Your roots penetrate the ground.
The orc hits you but does no damage.
You hit the orc but do no damage.
The orc is poisoned.
The orc is almost dead.
You hit the orc but do no damage.
The orc is almost dead.
* * * LOW HITPOINT WARNING * * *
You feel sick.
You kill the orc!
It was a potion of agility.
You feel agile all of a sudden.
You die...

#.#.###.#
#.#..... #.#....
###....# #......#
#
#######.#..#.#[..
#........<.......
#..........##....
#♣)$.....).......
#############....
... .. .


There were no monsters in sight!

Vanquished Creatures
  Jessica (D:2)
  Terence (D:2)
  9 adders
  4 dart slugs
  2 worms (D:2)
  2 orcs
  4 ball pythons
  2 giant cockroaches
  3 goblins
  6 hobgoblins
  5 jackals
  A quokka (D:2)
  7 bats
  5 frilled lizards
  6 kobolds
  11 rats
69 creatures vanquished.

Notes
Turn   | Place    | Note
-------+----------+-------------------------------------------
     0 | D:1      | Pippin the Kobold Wanderer began the quest for the Orb.
     0 | D:1      | Pippin set off with: a +2 falchion, 2 scrolls of teleportation, a +0 robe, a +0 dagger, a meat ration
     0 | D:1      | Reached XP level 1. HP: 16/16 MP: 1/1
   119 | D:1      | Reached skill level 3 in Stealth
   219 | D:1      | Reached skill level 1 in Short Blades
   303 | D:1      | Reached XP level 2. HP: 14/20 MP: 2/2
   773 | D:1      | Reached XP level 3. HP: 24/24 MP: 3/3
   794 | D:1      | You fall through a shaft!
   854 | D:2      | Found an opulent altar of Gozag.
  1803 | D:2      | Noticed Jessica
  1812 | D:2      | Killed Jessica
  1812 | D:2      | Reached skill level 4 in Stealth
  1812 | D:2      | Reached XP level 4. HP: 30/30 MP: 4/4
  1864 | D:2      | Noticed Terence
  2152 | D:2      | Reached skill level 5 in Stealth
  2209 | D:2      | Reached XP level 5. HP: 9/34 MP: 5/5
  3711 | D:2      | Found an opulent altar of Gozag.
  3809 | D:2      | Killed Terence
  4120 | D:2      | Reached XP level 6. HP: 38/39 MP: 6/6
  4202 | D:3      | Reached skill level 5 in Short Blades
  4202 | D:3      | Reached skill level 6 in Stealth
  4281 | D:3      | HP: 1/39 [poisoned by an adder]
  4287 | D:3      | Succumbed to an adder's poison

Vault maps used:
D:1:      elethiomel_arrival_infinity_welcomes_careful_drivers,
          minmay_curled_crystal, minmay_pentomino_o4
D:2:      minmay_splitting_lines, grunt_gozag_statues, uniq_jessica,
          uniq_terence
D:3:      grunt_temple_overflow_gold_and_silver, portal_sewer_entry_e

Skill      XL: |  1  2  3  4  5  6 |
---------------+-------------------+-----
Stealth        | 3 4 5 6 |  6.1
Short Blades   | 1 2 3 4 5 |  5.1
Fighting       | |  4.3
Long Blades    | |  1.5
Shields        | |  1.0
Unarmed Combat | |  1.0

Action                   |  1- 3 |  4- 6 || total
-------------------------+-------+-------++-------
Melee: Falchion          |    52 |    94 ||   146
       Punch             |       |     2 ||     2
       Dagger            |       |    48 ||    48
  Use: Potion            |       |     5 ||     5
       Scroll            |       |     4 ||     4
 Stab: Sleeping          |     9 |     9 ||    18
       Distracted        |       |     2 ||     2
  Eat: Chunk             |    11 |     8 ||    19
Armor: Robe              |     7 |    15 ||    22
       Leather armour    |       |     4 ||     4
       Skin              |       |     1 ||     1
Dodge: Dodged            |    38 |    87 ||   125
       Rpst.: Falchion   |    10 |    27 ||    37

Table legend:
 A = Spawn XP
 B = Non-spawn XP
 C = Spawn XP percentage of total XP
 D = Spawn monster count
 E = Non-spawn monster count
 F = Spawn count percentage of total count
 G = Total turns spent on level
                    A         B        C        D         E        F      G
               +---------+---------+-------+---------+---------+-------+---------
         Total |      62 |     242 |  20.4 |      19 |      50 |  27.5 |  4287
               +---------+---------+-------+---------+---------+-------+---------
           D:1 |      14 |      23 |  37.8 |       8 |      16 |  33.3 |  1778
           D:2 |      48 |     184 |  20.7 |      11 |      28 |  28.2 |  2420
           D:3 |       0 |      35 |   0.0 |       0 |       6 |   0.0 |    89
               +---------+---------+-------+---------+---------+-------+---------
